 Dungeon Crawl Stone Soup version 0.31.0-32-g396128a36d (webtiles) character file.

Game seed: 5630985130528632923

723 mainiacjoe the Ruffian (level 7, -3/46 HPs)
             Began as an Octopode Gladiator on Mar 26, 2024.
             Killed by divine providence
             ... invoked by an orc priest
              (12 damage)
             ... on level 5 of the Dungeon on Mar 27, 2024.
             The game lasted 00:10:03 (3731 turns).

mainiacjoe the Ruffian (Octopode Gladiator)         Turns: 3731, Time: 00:10:04

Health: -3/46      AC:  1    Str: 16    XL:     7   Next: 71%
Magic:  7/7        EV: 14    Int: 10    God:
Gold:   82         SH:  5    Dex: 13    Spells: 6/6 levels left

rFire   . .          .
                       - Unarmed
rCold   . . .        (no shield)
rNeg    . . .        a - +0 hat
rPois   .            q - amulet of reflection
rElec   .            (no ring)
rCorr   .            (no ring)
SInv    .            (no ring)
Will    .....        (no ring)
Stlth   +++          (no ring)
HPRegen 0.27/turn    (no ring)
MPRegen 0.10/turn    (no ring)
                     (no ring)

%: reflection
@: no status effects
A: almost no armour, amphibious, 8 rings, camouflage 1, gelatinous body 1,
(nimble swimmer 1), tentacles
a: no special abilities


You were on level 5 of the Dungeon.
You visited 1 branch of the dungeon, and saw 5 of its levels.

You collected 166 gold pieces.
You spent 84 gold pieces at shops.

Inventory:

Hand Weapons
 b - a +3 short sword of electrocution
 w - a +0 sling
Missiles
 c - 7 javelins
 h - 3 throwing nets {=F}
 l - 33 stones
 o - 13 poisoned darts
Armour
 a - a +0 hat (worn)
Jewellery
 g - a ring of fire
 q - an amulet of reflection (around mantle)
Talismans
 i - a flux talisman
Wands
 r - a wand of polymorph (5)
Scrolls
 f - 3 scrolls of teleportation
Potions
 d - a potion of curing
 e - a potion of mutation
 j - a potion of heal wounds {unknown}
 k - a potion of haste
 m - a potion of cancellation
 n - a potion of might
 p - a potion of lignification


   Skills:
 + Level 3.5 Fighting
 - Level 2.0 Throwing
 + Level 4.2 Dodging
 + Level 1.7 Stealth
 * Level 5.9 Unarmed Combat
 * Level 3.9 Shapeshifting


You had 6 spell levels left.
You didn't know any spells.
Your spell library contained the following spells:

 Spells                   Type           Power      Damage    Failure   Level
 Magic Dart               Conj           0%         1d3       36%         1
 Sandblast                Erth           0%         2d4       36%         1
 Blink                    Tloc           0%         N/A       50%         2
 Call Imp                 Summ           0%         N/A       50%         2
 Passwall                 Erth           0%         N/A       75%         3
 Stone Arrow              Conj/Erth      0%         3d7       75%         3
 Brom's Barrelling Bould  Conj/Erth      0%         2d3       98%         4


Dungeon Overview and Level Annotations

Branches:
Dungeon (5/15)
 Temple: D:4-7

Altars:
Xom

Shops:
D:1 (   D:4 !

Annotations:
D:3 1 runed translucent door, exclusion: door, NotreDorf's ghost, amateur MfAl
D:4 dig vault, 1 exclusion


Innate Abilities, Weirdness & Mutations

You cannot wear most types of armour.
You are amphibious.
You can wear up to eight rings at the same time.
Your skin changes colour to match your surroundings (Stealth+).
Your rubbery body absorbs attacks. (AC +1, EV +1)
((You are camouflaged when in or above water. (Stealth+)))
You have tentacles for arms and can constrict up to eight enemies at once.


Message History

You tentacle-slap the orc priest.
The orc priest is almost dead.
You constrict the orc priest.
You kill the orc priest!
Key pressed, stopping explore.
An orc comes into view. It is wielding a +0 club.
An orc is nearby!
You see here a +0 short sword.
The orc wizard shouts!
An orc comes into view. It is wielding a +0 club.
The orc shouts!
You bludgeon the orc!
You kill the orc!
The orc wizard gestures wildly while chanting.
The orc wizard flickers and vanishes!
Deactivating autopickup; reactivate with Ctrl-A.
The orc hits you with a +0 club.
Things that are here:
a +0 club; an orc corpse You bludgeon the orc!
You kill the orc!
You barely miss something. Something hits you.
You closely miss something.
Your tentacle-slap misses something.
You squeeze something. Something hits you.
You barely miss something. Something hits you.
The orc priest invokes the aid of Beogh against you.
Something writhes in agony.
You tentacle-slap something. Something hits you.
The orc priest mumbles some strange prayers to Beogh against you.
Beogh smites you!
* * * LOW HITPOINT WARNING * * *
You tentacle-slap something. You squeeze something.
You block something's attack.
The orc priest calls down the wrath of Beogh upon you.
Something writhes in agony.
You closely miss something. Your squeeze misses something.
You block something's attack.
The orc priest invokes the aid of Beogh against you.
Beogh smites you!
You die...

##....... #.#.#..#...
#........ #.#.##.#...
.......# #)#.#..#...
#.....####.#.#.##.## #
#........))#.#.##.# #..
#.....†....#.#....#
...#.....)†..##.######
#.....##..#..##......#
#.....##....o{@......#
###.....##.##.###......#
........... ########
#### .......... ...
......... #. #.....##
####. #....<.# .....
###....# #########.
#....# ..........


You could see an orc priest.

Vanquished Creatures
  Sigmund (D:4)
  A scorpion (D:5)
  A jelly (D:4)
  3 orc priests
  A hound (D:5)
  Jessica (D:2)
  2 iguanas (D:5)
  3 orc wizards
  Robin (D:2)
  5 adders
  2 ufetubi (D:5)
  2 ribbon worms
  4 dart slugs
  14 orcs
  5 endoplasms
  2 giant cockroaches (D:3)
  11 goblins
  15 hobgoblins
  6 jackals (D:3)
  8 kobolds
  3 quokkas
  4 ball pythons
  6 bats
  3 frilled lizards
  4 rats
108 creatures vanquished.

Notes
Turn   | Place    | Note
-------+----------+-------------------------------------------
     0 | D:1      | mainiacjoe the Octopode Gladiator began the quest for the
                  | Orb.
     0 | D:1      | Reached XP level 1. HP: 14/14 MP: 1/1
   230 | D:1      | Reached XP level 2. HP: 19/19 MP: 2/2
   419 | D:1      | Found Leugem's Weapon Emporium.
   865 | D:2      | Noticed Robin
   936 | D:2      | Reached XP level 3. HP: 20/24 MP: 3/3
  1101 | D:2      | Noticed Jessica
  1111 | D:2      | Reached skill level 4 in Unarmed Combat
  1112 | D:2      | Killed Jessica
  1113 | D:2      | Reached skill level 1 in Shapeshifting
  1113 | D:2      | Reached XP level 4. HP: 14/29 MP: 4/4
  1355 | D:2      | Killed Robin
  1788 | D:3      | Reached XP level 5. HP: 31/35 MP: 5/5
  1899 | D:3      | Found a runed translucent door.
  1900 | D:3      | Noticed NotreDorf's ghost (amateur MfAl)
  2420 | D:4      | Noticed Sigmund
  2438 | D:4      | Killed Sigmund
  2439 | D:4      | Reached skill level 5 in Unarmed Combat
  2439 | D:4      | Reached XP level 6. HP: 42/42 MP: 6/6
  2758 | D:4      | Found Cuolec's Distillery.
  2763 | D:4      | Bought a potion of might for 48 gold pieces
  2763 | D:4      | Bought a potion of lignification for 36 gold pieces
  2854 | D:4      | Reached XP level 7. HP: 30/46 MP: 7/7
  3137 | D:4      | Found a shimmering altar of Xom.
  3267 | D:5      | Entered Level 5 of the Dungeon
  3358 | D:5      | Reached skill level 1 in Stealth
  3731 | D:5      | Killed from afar by an orc priest

Illustrated notes

Levels and vault maps discovered:
D:1:      dpeg_arrival_line_fractal, layout_basic, serial_shops, shop
D:2:      layout_basic, hangedman_decor_push, chequers_serial_rivers_micro_c,
          uniq_jessica, uniq_robin
D:3:      layout_loops_ring, gammafunk_ghost_grave
D:4:      layout_rooms, mainiacjoe_overflow_alcove_4, serial_shops,
          kennysheep_little_box, minmay_misc_feat_nine_boxes,
          lightli_corner_chamber, uniq_sigmund
D:5:      layout_basic

Skill      XL: |  1  2  3  4  5  6  7 |
---------------+----------------------+-----
Unarmed Combat | 4 5 |  5.9
Shapeshifting  | 1 3 |  3.9
Fighting       | 3 |  3.5
Dodging        | 4 |  4.2
Stealth        | 1 |  1.7
Throwing       | |  2.0

Action                     |  1- 3 |  4- 6 |  7- 9 || total
---------------------------+-------+-------+-------++-------
  Melee: Unarmed           |    35 |    88 |    64 ||   187
         Constrict         |     9 |    29 |    16 ||    54
         Tentacles         |     6 |    26 |    13 ||    45
         Short sword       |     4 |    21 |       ||    25
         Punch             |       |     4 |     2 ||     6
   Fire: Sling             |    35 |    15 |       ||    50
  Throw: Javelin           |     2 |       |       ||     2
    Use: Scroll            |     4 |     4 |       ||     8
         Potion            |       |     1 |       ||     1
   Stab: Sleeping          |     1 |     6 |     1 ||     8
 Armour: Skin              |    23 |    38 |    34 ||    95
  Dodge: Dodged            |    40 |    50 |    36 ||   126
  Block: Other             |       |     6 |    10 ||    16
         Reflection        |       |     1 |     1 ||     2
